 Dungeon Crawl Stone Soup version 0.30-a0-210-g01b79a254e (webtiles) character file.

Game seed: 8983887143929420049

5 LnG the Caller (level 1, -1/10 HPs)
             Began as a Kobold Summoner on Oct 5, 2022.
             Slain by a kobold
             ... wielding a +0 club
              (2 damage)
             ... on level 1 of the Dungeon.
             The game lasted 00:00:41 (139 turns).

LnG the Caller (Kobold Summoner)                     Turns: 139, Time: 00:00:42

Health: -1/10      AC:  2    Str:  5    XL:     1   Next: 88%
Magic:  0/3        EV: 15    Int: 16    God:
Gold:   10         SH:  0    Dex: 15    Spells: 3/4 levels left

rFire   . . .      SeeInvis .    (weapon restricted)
rCold   . . .      Faith    .    (no shield)
rNeg    . . .      Spirit   .    a - +0 robe
rPois   .          Reflect  .    (no helmet)
rElec   .          Harm     .    (no cloak)
rCorr   .          Rampage  .    (no gloves)
Will    .....                    (no boots)
Stlth   +++.......               (no amulet)
HPRegen 0.21/turn                (no ring)
MPRegen 0.08/turn                (no ring)

@: no status effects
A: small, no large weapons, nightstalker 3
a: no special abilities


You were on level 1 of the Dungeon.
You visited 1 branch of the dungeon, and saw 1 of its levels.

You collected 10 gold pieces.

Inventory:

Armour
 a - a +0 robe (worn)
Potions
 b - a potion of magic
 c - a potion of resistance {unknown}


   Skills:
 + Level 2.4 Dodging
 + Level 2.7 Stealth
 + Level 2.4 Spellcasting
 + Level 4.1 Summonings


You had 3 spell levels left.
You knew the following spells:

 Your Spells              Type           Power      Damage    Failure   Level
a - Summon Small Mammal   Summ           60%        N/A       3%          1

Your spell library contained the following spells:

 Spells                   Type           Power      Damage    Failure   Level
 Call Imp                 Summ           15%        N/A       5%          2
 Call Canine Familiar     Summ           15%        N/A       11%         3
 Summon Guardian Golem    Hex/Summ       8%         N/A       26%         3
 Summon Lightning Spire   Summ/Air       8%         N/A       63%         4


Dungeon Overview and Level Annotations

Branches:
Dungeon (1/15)

Altars:


Innate Abilities, Weirdness & Mutations

You are small and have problems with some larger weapons.
You are completely attuned to the shadows.


Message History

Your bat barely misses the giant cockroach.
Your bat barely misses the kobold.
Your bat hits the kobold. The giant cockroach bites you. The kobold misses you.
The kobold barely misses you.
Your bat misses the kobold. You hit the rat.
The rat is moderately wounded.
Your bat hits the giant cockroach. The giant cockroach misses you.
Your bat hits the rat. The rat misses you. The kobold hits you with a +0 club.
The kobold completely misses you. The giant cockroach misses you.
Unknown command.
You swap places.
Your bat hits the giant cockroach but does no damage.
Your bat hits the kobold.
Your bat barely misses the kobold.
The giant cockroach closely misses your bat.
The rat completely misses you. The kobold hits you with a +0 club.
The kobold barely misses you.
Your bat barely misses the rat.
You barely miss the rat.
The rat is severely wounded.
Your bat barely misses the giant cockroach.
Your bat hits the rat but does no damage.
Your bat closely misses the kobold.
The giant cockroach bites your bat but does no damage.
The kobold hits you but does no damage. The kobold misses you.
Your bat hits the giant cockroach but does no damage.
The kobold hits you with a +0 dagger.
* * * LOW HITPOINT WARNING * * *
You swap places.
Your bat hits the kobold but does no damage.
Your bat hits the goblin. x2; The giant cockroach barely misses you.
The kobold hits you with a +0 dagger.
* * * LOW HITPOINT WARNING * * *
The kobold hits you with a +0 club.
* * * LOW HITPOINT WARNING * * *
The goblin hits your bat with a +0 dagger.
The kobold barely misses you.
Your bat hits the goblin.
The goblin dies!
The giant cockroach attacks as you move away!
The giant cockroach barely misses you. The kobold attacks as you move away!
The kobold hits you with a +0 club.
You die...

................
.................
.........†.......
.......##........
.......#..##.......
..........##.......
P~≈P.P~≈P.##..b....
≈~≈~.≈≈~≈. #BK)r...
~≈≈~.~≈≈~. #.@b....
~~~~.~~~~ #.KK....
~~~~.~~~~ ###.....
~~~~.~~~~ #.....
~~~~.~~~~ #(....
≈≈~~.~≈≈~ ~≈≈~.~~≈~
P~~...~~P .........


You could see a giant cockroach, 3 kobolds, a rat (distracted, ally target) and
2 friendly bats.

Vanquished Creatures
  2 ball pythons (D:1)
2 creatures vanquished.

Vanquished Creatures (collateral kills)
  An endoplasm (D:1)
  A goblin (D:1)
  A hobgoblin (D:1)
3 creatures vanquished.

Grand Total: 5 creatures vanquished

Notes
Turn   | Place    | Note
-------+----------+-------------------------------------------
     0 | D:1      | LnG the Kobold Summoner began the quest for the Orb.
     0 | D:1      | Reached XP level 1. HP: 10/10 MP: 3/3
   139 | D:1      | Slain by a kobold

Illustrated notes

Levels and vault maps discovered:
D:1:      giann_bridges, layout_basic, serial_shops, shop

Action                   || total
-------------------------++-------
Melee: Unarmed           ||    13
 Cast: Summon Small Mamm ||    10
Armor: Robe              ||     9
Dodge: Dodged            ||    42

Table legend: (Time is in decaauts)
 A = Elapsed time spent in this place.
 B = Non-inter-level travel time spent in this place.
 C = Inter-level travel time spent in this place.
 D = Time resting spent in this place.
 E = Time spent auto-exploring this place.
 F = Levels seen in this place.
 G = Mean time per level.
                   A        B        C        D        E       F      G
               +--------+--------+--------+--------+--------+-----+--------+
         Total |    139 |    139 |      0 |      0 |     67 |   1 |  139.0 |
       Dungeon |    139 |    139 |      0 |      0 |     67 |   1 |  139.0 |
               +--------+--------+--------+--------+--------+-----+--------+

Top non-repeatable levels by time:
     D:1: 139 daAuts
